Workbook
Name NOM_BPIN: '[1]RUBROS X BPIN '!$A$2:$D$338
Name regionales: [2]regionales!$A$1:$B$34

Sheet INSTRUCCIONES vr 11
J1: Código: GIL-F-029
J2: Versión: 11
A3: PROCESO
A4: GESTION DE INFRAESTRUCTURA Y LOGISTICA
A5: NOMBRE DEL FORMATO
A6: FORMATO CERTIFICACIÓN CONTRATO PARA INTERVENCIONES A INMUEBLES
A7: CLASIFICACIÓN DE LA INFORMACIÓN
A8: Pública | C8: Pública Clasificada | G8: Pública Reservada
A9: INSTRUCCIONES PARA EL DILIGENCIAMIENTO DEL FORMATO
A10: NO IMPRIMIR
A11: 1. Generalidades
A12: Este formato debe diligenciarse para cada uno de los pagos a realizar por concepto de obras que intervengan bienes inmuebles y debe ser entregado junto con los demás documentos necesarios para el trámite del pago.
A13: La responsabilidad del diligenciamiento de este formato está en cabeza del supervisor designado por la Entidad con apoyo del profesional homólogo del grupo de construcciones.
A14: 2. Instrucciones para diligenciar las casillas
A16: DATOS GENERALES DEL CONTRATO
A17: NOMBRE DE LA CASILLA | B17: INSTRUCCIONES | G17: TENER EN CUENTA
A18: FECHA DE DILIGENCIAMIENTO | B18: Escriba la fecha de diligenciamiento del formulario
A19: CODIGO CENTRO DE COSTO ORDENADOR DEL GASTO | B19: Digite el centro de costo a donde pertenezca el contrato. Puede verificar el código en la hoja Centro de costo por Regional
A20: CONTRATO No. | B20: Número del contrato objeto del pago
A21: REGIONAL | B21: Se carga automáticamente. Campo formulado, de acuerdo al campo Regional de ejecución presupuestal.
A22: CENTRO DE FORMACIÓN | B22: Se carga automáticamente. Campo formulado, de acuerdo al campo al Centro de formación de ejecución presupuestal.
A23: POSICIÓN CATÁLOGO INSTITUCIONAL | B23: Se carga automáticamente. Campo formulado, de acuerdo al código PCI asignado por SIIF Nación al centro de costo de ejecución presupuestal.
A24: CONTRATISTA | B24: Nombre o Razón Social del Contratista
A25: NIT | B25: NIT registrado del contratista
A26: OBJETO: | B26: Escriba el objeto del contrato suscrito en Secop II
A27: VALOR DEL CONTRATO
A28: NOMBRE DE LA CASILLA | B28: INSTRUCCIONES | G28: TENER EN CUENTA
A29: CONCEPTO | B29: En esta columna detalle el valor inicial del contrato y las respectivas adiciones presupuestales que se le deben hacer. | G29: cada monto se coloca en las respectivas columnas de VALOR ANTES DE IVA, IVA.
A30: ANTICIPO | B30: Aplica para aquellos contratos que hayan recibido un anticipo.
A31: VALOR ANTES DE IVA | B31: Valor del contrato antes de IVA
A32: IVA | B32: Valor de IVA registrado en el contrato
A33: VALOR TOTAL IVA INCLUIDO | B33: Valor total del contrato sumatoria de los conceptos.
A34: VALOR TOTAL DEL CONTRATO | B34: La hoja totalizara la suma de los valores registrados | G34: cada monto se coloca en las respectivas columnas de VALOR ANTES DE IVA, IVA, VALOR TOTAL IVA INCLUIDO
